 Dungeon Crawl Stone Soup version 0.32-a0-871-ge202e49faa (webtiles) character file.

Game seed: 10818823965406538804

2872160 Gryn the Slayer (level 26, 231/231 HPs)
             Began as a Demonspawn Artificer on Mar 29, 2024.
             Was a High Priest of Wu Jian.
             Escaped with the Orb
             ... and 4 runes!
             The game lasted 03:26:05 (50603 turns).

Gryn the Slayer (Demonspawn Artificer)             Turns: 50603, Time: 03:26:05

Health: 231/231    AC: 34    Str: 27    XL:     26   Next: 87%
Magic:  40/40      EV: 12    Int:  5    God:    Wu Jian [*****.]
Gold:   9204       SH: 27    Dex: 13    Spells: 47/51 levels left

rFire   + + .        a - +9 demon whip (freeze)
rCold   + . .        B - +6 tower shield {rC+}
rNeg    + + .        l - +8 chain mail of Intuition {rPois Will+ Regen+ Dex-4}
rPois   +            (helmet unavailable)
rElec   +            (cloak unavailable)
rCorr   .            J - +1 pair of gloves of Nuclywk {rElec rF+ rN++ SInv}
SInv    +            (boots unavailable)
Will    +++..        o - amulet of regeneration Stlth
                     H - ring of Departure {Fly rElec Will+ Str+6 Int-3}
HPRegen 2.18/turn    q - ring of the Tortoise {AC+8}
MPRegen 0.54/turn

%: guardian spirit
@: flying, studying Short Blades
A: hooves 3, horns 3, powered by pain 3, magic shield, magic regeneration,
corrupting presence 2, word of chaos, weakness stinger 3, dopey 2, fire
resistance 1, inability to drink after injury 1
0: Orb of Zot
}: 4/15 runes: decaying, serpentine, silver, abyssal
a: Word of Chaos, Renounce Religion, Wall Jump, Serpent's Lash, Heavenly Storm


You escaped.
You worshipped Wu Jian.
Wu Jian was extremely pleased with you.
You visited 10 branches of the dungeon, and saw 48 of its levels.
You visited the Abyss 2 times.
You also visited: Trove, Bailey, Ice Cave and Volcano.

You collected 10637 gold pieces.
You spent 1433 gold pieces at shops.

Inventory:

Hand Weapons
 a - a +9 demon whip of freezing (weapon)
 u - the +8 morningstar of the Vulture {freeze, Fly rC+ Will+ Stlth+}
   (You found it on level 3 of the Lair of Beasts)

   rC+:       It protects you from cold.
   Will+:     It increases your willpower.
   Fly:       It grants you flight.
   Stlth+:    It makes you more stealthy.
 T - a +4 eveningstar of draining
Missiles
 A - 9 curare-tipped darts (quivered)
Armour
 b - the +2 pair of gloves "Nuip" {Fly rPois rCorr SInv}
   (You found it on level 3 of the Vaults)

   rPois:     It protects you from poison.
   SInv:      It lets you see invisible.
   Fly:       It grants you flight.
   rCorr:     It protects you from acid and corrosion.
 l - the +8 chain mail of Intuition (worn) {rPois Will+ Regen+ Dex-4}
   (You found it on level 3 of the Snake Pit)

   Dex-4:     It affects your dexterity (-4).
   rPois:     It protects you from poison.
   Will+:     It increases your willpower.
   Regen+:    It increases your rate of health regeneration.
 x - the +5 Storm Queen's Shield {shock, Fly rElec}
   (You found it in a bailey)

   Shock:     When it blocks an attack, it may electrocute the attacker.
   This works even against foes who are a short distance away.
   rElec:     It insulates you from electricity.
   Fly:       It grants you flight.
 B - a +6 tower shield of cold resistance (worn)
 J - the +1 pair of gloves of Nuclywk (worn) {rElec rF+ rN++ SInv}
   (You found it in a treasure trove)

   rF+:       It protects you from fire.
   rElec:     It insulates you from electricity.
   rN++:      It greatly protects you from negative energy.
   SInv:      It lets you see invisible.
Jewellery
 o - an amulet of regeneration (around neck)
 q - the ring of the Tortoise (right hand) {AC+8}
   (You acquired it on level 8 of the Dungeon)

   [ring of protection]

   AC+8:      It affects your AC (+8).
 D - a ring of wizardry
 H - the ring of Departure (left hand) {Fly rElec Will+ Str+6 Int-3}
   (You found it in a treasure trove)

   [ring of strength]

   Str+6:     It affects your strength (+6).
   Int-3:     It affects your intelligence (-3).
   rElec:     It insulates you from electricity.
   Will+:     It increases your willpower.
   Fly:       It grants you flight.
Wands
 d - a wand of charming (14)
 e - a wand of roots (70)
 g - a wand of paralysis (39)
 s - a wand of digging (22)
 y - a wand of mindburst (33)
 K - a wand of flame (110)
 V - a wand of quicksilver (36)
Scrolls
 c - 11 scrolls of poison
 f - 17 scrolls of teleportation
 j - 4 scrolls of blinking
 n - 8 scrolls of vulnerability
 p - 3 scrolls of silence
 r - 4 scrolls of brand weapon
 E - 8 scrolls of immolation
 L - 8 scrolls of fear
 M - 2 scrolls of revelation
 N - 6 scrolls of torment
 R - 7 scrolls of amnesia
 U - 6 scrolls of summoning
 Y - 2 scrolls of fog
Potions
 h - 6 potions of resistance
 i - 7 potions of magic
 m - 13 potions of lignification
 t - 7 potions of enlightenment
 w - 8 potions of cancellation
 F - 24 potions of curing
 G - 3 potions of ambrosia
 I - 7 potions of haste
 O - 6 potions of mutation
 P - 3 potions of brilliance
 Q - 4 potions of heal wounds
 S - 7 potions of might
 X - 2 potions of berserk rage
 Z - 7 potions of attraction
Miscellaneous
 k - a phantom mirror
 v - a phial of floods
 z - a sack of spiders
 C - a tin of tremorstones (2/2)
 W - a lightning rod (4/4)


   Skills:
 - Level 24.0 Fighting
 - Level 21.0 Maces & Flails
 - Level 5.0 Throwing
 + Level 20.3 Armour
 - Level 10.0 Dodging
 - Level 0.8 Stealth
 + Level 20.3 Shields
 - Level 13.0 Spellcasting
 - Level 12.0 Translocations
 - Level 13.0 Evocations


You had 47 spell levels left.
You knew the following spells:

 Your Spells              Type           Power      Damage    Failure   Level
a - Passage of Golubria   Tloc           15%        N/A       4%          4

Your spell library contained the following spells:

 Spells                   Type           Power      Damage    Failure   Level
 Apportation              Tloc           30%        N/A       1%          1
 Teleport Other           Tloc           15%        N/A       1%          3
 Dimensional Bullseye     Hex/Tloc       4%         N/A       43%         4
 Foxfire                  Conj/Fire      12%        2x1d4     50%         1
 Kiss of Death            Conj/Necr      12%        2d6       50%         1
 Necrotise                Necr           12%        1d4       50%         1
 Sandblast                Erth           6%         2d5       50%         1
 Slow                     Hex            12%        N/A       50%         1
 Dispersal                Tloc           7%         N/A       52%         6
 Gell's Gavotte           Tloc           7%         2d(14-21) 52%         6
 Call Imp                 Summ           6%         N/A       63%         2
 Cigotuvi's Dreadful Rot  Necr/Alch/Air  6%         N/A       63%         2
 Jinxbite                 Hex            6%         N/A       63%         2
 Scorch                   Fire           6%         2d5       63%         2
 Static Discharge         Conj/Air       6%         3-4/arc   63%         2
 Call Canine Familiar     Summ           3%         N/A       86%         3
 Confusing Touch          Hex            3%         N/A       86%         3
 Dazzling Flash           Conj/Hex       6%         N/A       86%         3
 Frozen Ramparts          Ice            6%         1d1       86%         3
 Hailstorm                Conj/Ice       3%         3d5       86%         3
 Inner Flame              Hex/Fire       3%         N/A       86%         3
 Mephitic Cloud           Conj/Alch/Air  3%         N/A       86%         3
 Ozocubu's Armour         Ice            3%         N/A       86%         3
 Sigil of Binding         Hex            3%         N/A       86%         3
 Stone Arrow              Conj/Erth      6%         3d7       86%         3
 Summon Ice Beast         Ice/Summ       3%         N/A       86%         3
 Tukima's Dance           Hex            3%         N/A       86%         3
 Vampiric Draining        Necr           3%         2d6       86%         3
 Airstrike                Air            1%         2d(1-17)  99%         4
 Animate Armour           Summ/Erth      6%         N/A       99%         4
 Brom's Barrelling Bould  Conj/Erth      3%         2d3       99%         4
 Dispel Undead            Necr           3%         3d7       99%         4
 Flame Wave               Conj/Fire      3%         2d5       99%         4
 Ignite Poison            Fire/Alch      3%         N/A       99%         4
 Martyr's Knell           Necr/Summ      3%         N/A       99%         4
 Olgreb's Toxic Radiance  Alch           3%         N/A       99%         4
 Petrify                  Alch/Erth      3%         N/A       99%         4
 Sticky Flame             Fire/Alch      3%         2d4       99%         4
 Summon Lightning Spire   Summ/Air       3%         N/A       99%         4
 Alistair's Intoxication  Alch           2%         N/A       100%        5
 Curse of Agony           Necr           3%         N/A       100%        5
 Freezing Cloud           Conj/Ice/Air   1%         6-21      100%        5
 Lee's Rapid Deconstruct  Erth           1%         3d4*      100%        5
 Metabolic Englaciation   Hex/Ice        1%         N/A       100%        5
 Silence                  Hex/Air        1%         N/A       100%        5
 Summon Mana Viper        Hex/Summ       3%         N/A       100%        5
 Yara's Violent Unravell  Hex/Alch       1%         3d3       100%        5
 Death Channel            Necr           1%         N/A       100%        6
 Permafrost Eruption      Ice/Erth       1%         2x4d2     100%        6
 Plasma Beam              Fire/Air       1%         2x1d11    100%        6
 Sculpt Simulacrum        Ice/Alch       1%         N/A       100%        6
 Starburst                Conj/Fire      1%         6d3       100%        6
 Summon Cactus Giant      Summ           1%         N/A       100%        6
 Ozocubu's Refrigeration  Ice            1%         4d7       100%        7
 Discord                  Hex            1%         N/A       100%        8
 Lehudib's Crystal Spear  Conj/Erth      1%         10d2      100%        8
 Maxwell's Capacitive Co  Air            1%         ∞         100%        8
 Chain Lightning          Conj/Air       1%         3d2       100%        9
 Dragon's Call            Summ           1%         N/A       100%        9
 Fire Storm               Conj/Fire      1%         8d1       100%        9
 Shatter                  Erth           1%         3d6*      100%        9


Dungeon Overview and Level Annotations

Branches:
Dungeon (15/15)            Temple (1/1) D:4            Lair (5/5) D:9
  Swamp (4/4) Lair:3        Snake (4/4) Lair:3        Slime (0/5) Lair:5
    Orc (2/2) D:10            Elf (3/3) Orc:2        Vaults (5/5) D:13
  Crypt (0/3) Vaults:2     Depths (4/4) D:15            Zot (5/5) Depths:4
 Bailey (visited)           IceCv (visited)         Volcano (visited)

Altars:
Ashenzari
Cheibriados
Dithmenos
Fedhas
Gozag
Hepliaklqana
Kikubaaqudgha
Makhleb
Nemelex Xobeh
Okawaru
Qazlal
Ru
Sif Muna
Trog
Uskayaw
Vehumet
Wu Jian
Xom
Yredelemnul
Jiyva
Lugonu

Shops:
D:6 :   D:12 ?   D:15 [   Orc:2 [*(:   Elf:1 (   Elf:2 =   Elf:3 *=   Snake:4 :
Vaults:3 (   Vaults:4 ::   Depths:4 (

Portals:
Hell: Depths:1 Depths:2 Depths:3 Depths:4
Abyss: Depths:3 Depths:4
Pandemonium: Depths:2
Ziggurat: Depths:2

Annotations:
D:14 2 runed translucent doors, Ryzattoa's ghost, journeyman OpFE
Lair:3 exclusion: oklob plant
Orc:1 4 transporters
Elf:2 3 runed translucent doors


Innate Abilities, Weirdness & Mutations

You have hooves in place of feet.
You have a pair of large horns on your head.
You are powered by pain.
When hurt, damage is shared between your health and your magic reserves.
You regenerate magic rapidly.
Your presence sometimes corrodes or deforms those you injure.
You can speak a Word of Chaos.
You have a sharp stinger which inflicts weakening toxins.
You are very dopey. (Int -4)
Your flesh is heat resistant. (rF+)
You occasionally lose the ability to drink potions when taking damage.


Message History

The Council accepts your kill.
Your supernatural speed expires.
You see here a +0 club.
Unknown command.
Unknown command.
You feel less exhausted.
There is a stone staircase leading up here.
You fly upwards.
There is a stone staircase leading down here.
A hellephant comes into view.
The hellephant blinks!
The hellephant breathes flames at you. The blast of flame hits you! You resist.
The hellephant blinks!
The hellephant blinks!
There is a stone staircase leading up here.
You fly upwards.
There is a stone staircase leading down here.
There is a stone staircase leading up here.
You fly upwards.
There is a stone staircase leading down here.
There is a stone staircase leading up here.
You fly upwards.
There is a stone staircase leading down here.
You see here a +0 short sword.
An Orb Guardian comes into view.
You thrash the Orb Guardian!! You freeze the Orb Guardian.
You headbutt the Orb Guardian. You tail-slap the Orb Guardian!
The Orb Guardian looks weaker.
The Orb Guardian is heavily wounded.
You thrash the Orb Guardian!! You freeze the Orb Guardian!
Your kick misses the Orb Guardian. You headbutt the Orb Guardian.
Your tail-slap misses the Orb Guardian.
The Orb Guardian is almost dead.
You whack the Orb Guardian! You freeze the Orb Guardian.
You kill the Orb Guardian!
The Council accepts your kill.
You see here a deep dwarf skeleton.
There is a staircase leading out of the dungeon here.
You have escaped!

.........###### ...#
#####.........# ...##
.......##÷÷...##
#.....
.......##......##
.÷...
.####.....###...##...#
.# #....## #.÷.....#
.# ###### ##......# .#
#...(.## .# ###@..# .#
##### .# ##


There were no monsters in sight!

Vanquished Creatures
  2 dread liches
  4 ancient liches
  10 orbs of fire
  Mara (Vaults:3)
  A juggernaut (Depths:3)
  Boris (twice) (Vaults:1 Vaults:4)
  Josephina (Zot:2)
  3 Killer Klowns
  Vashnia (Snake:2)
  Bai Suzhen (Snake:3)
  Saint Roka (Snake:3)
  2 curse toes
  2 caustic shrikes
  9 golden dragons
  5 electric golems
  Jorgrun (D:14)
  A hellephant (Abyss:3)
  18 tentacled monstrosities
  27 Orb Guardians
  Asterion (Snake:1)
  A Hell Sentinel (D:5)
  2 deep elf blademasters (Elf:3)
  3 quicksilver dragons
  4 liches
  3 titans
  8 sphinxes
  An Executioner (Abyss:3)
  A deep elf master archer (Elf:3)
  7 tengu reavers
  11 death cobs
  2 tentacled starspawn (Abyss:3)
  3 thorn hunters
  12 shadow dragons
  20 storm dragons
  Aizul (Snake:1)
  Donald (Swamp:2)
  8 nagarajas
  6 draconian knights
  4 fenstrider witches (Swamp:4)
  7 deep elf sorcerers (Elf:3)
  10 protean progenitors
  17 vault wardens
  A balrug (Depths:1)
  5 draconian monks
  7 fire giants
  11 frost giants
  7 draconian scorchers
  3 iron dragons
  2 angels (Abyss:3)
  5 orc warlords
  3 deep elf elementalists (Elf:3)
  6 ghost moths
  11 draconian shifters
  5 draconian stormcallers
  7 draconian annihilators
  28 ironbound preservers
  24 very ugly things
  11 ironbound thunderhulks
  3 formless jellyfish
  An ophan (Abyss:3)
  7 eleionomae
  9 green draconians
  18 stone giants
  12 white draconians
  3 deep elf demonologists
  2 vampire knights
  18 dire elephants
  16 red draconians
  20 black draconians
  2 deep elf death magi
  8 deep elf annihilators
  2 lorocyprocas
  5 war gargoyles
  11 spark wasps
  22 yellow draconians
  3 bunyips
  16 purple draconians
  10 ettins
  A merfolk impaler (Depths:3)
  2 eidola
  8 deep elf high priests
  11 yaktaur captains
  4 salamander tyrants (Snake:4)
  A blizzard demon (Swamp:4)
  2 entropy weavers (Vaults:3)
  9 fire dragons
  2 shambling mangroves (Swamp:3)
  41 vault guards
  3 rakshasas
  6 great orbs of eyes
  5 ice dragons
  2 peacekeepers
  10 hydras
  3 spriggan air magi
  Erica (D:8)
  A hell beast (Swamp:4)
  A spriggan skeleton (Depths:2)
  A ghost crab (Swamp:1)
  10 ironbound frosthearts
  A juggernaut simulacrum (Depths:2)
  A catoblepas (D:15)
  2 death knights
  14 anacondas
  6 alligators
  4 ogre magi
  4 deep troll shamans (Depths:2)
  11 dancing weapons
  18 centaur warriors
  6 two-headed ogres
  5 boulder beetles
  A two-headed ogre (shapeshifter) (Depths:2)
  3 satyrs
  10 death yaks
  5 orc high priests (Orc:2)
  22 naga sharpshooters
  6 spriggan berserkers
  10 deep troll earth magi
  8 hell hogs
  14 shock serpents
  8 tengu warriors
  5 occultists
  7 hell knights
  A titan skeleton (Depths:2)
  16 naga warriors
  3 sun demons (Depths:1)
  A sixfirhy (Swamp:4)
  5 soul eaters
  8 salamander mystics
  2 wretched stars (Abyss:3)
  2 quicksilver dragon simulacra (Zot:2)
  13 deep elf knights
  A spatial maelstrom (Abyss:3)
  A goliath frog (Swamp:2)
  A sea snake (shapeshifter) (Vaults:5)
  Amaemon (D:8)
  Lodul (D:13)
  2 skysharks
  4 iron trolls
  A death drake (Swamp:3)
  A shadow demon (Zot:3)
  4 spriggan druids
  64 deep trolls
  5 glowing orange brains
  11 sea snakes
  2 bog bodies
  9 mana vipers
  3 swamp dragons
  A flayed ghost (Depths:1)
  5 arcanists
  4 thermic dynamos
  17 ironbound convokers
  7 phantasmal warriors
  2 lindwurms
  13 orc knights
  19 deep elf zephyrmancers
  6 naga ritualists
  15 deep elf archers
  3 large abominations (Abyss:3)
  5 necromancers
  Pikel (D:8)
  5 harpies (Vaults:2)
  2 obsidian bats
  21 deep elf pyromancers
  56 ugly things
  A worldbinder (Abyss:3)
  Maurice (D:7)
  24 salamanders
  5 cyclopes
  2 fauns (shapeshifter)
  6 will-o-the-wisps
  2 manticores
  6 orc sorcerers
  19 vault sentinels
  An ice statue (IceCv)
  5 draconians (Abyss:3)
  28 moths of wrath
  A black mamba (shapeshifter) (Elf:3)
  39 black mambas
  A kobold blastminer (Orc:1)
  3 rust devils
  14 elephants
  An eye of devastation (shapeshifter) (Depths:2)
  4 guardian serpents
  18 naga magi
  4 smoke demons
  5 orange demons
  Maggie (D:7)
  12 cane toads
  2 gargoyles (D:12)
  A storm dragon simulacrum (Zot:2)
  6 rime drakes
  42 yaktaurs
  A yaktaur zombie (Vaults:2)
  7 komodo dragons
  An efreet (D:14)
  A ghost moth simulacrum (Zot:2)
  3 tengu conjurers
  3 freezing wraiths
  3 ancient zymes (Abyss:3)
  A tormentor (Abyss:3)
  2 hellwings (Swamp:4)
  6 trolls
  9 polar bears
  9 tyrant leeches
  A tarantella (Vaults:3)
  14 hornets
  3 bloated husks
  4 raiju (Abyss:3)
  2 dream sheep (shapeshifter)
  8 blink frogs
  46 slime creatures
  7 dream sheep (Lair:5)
  2 air elementals
  A shadow (D:11)
  19 spriggans
  A centaur simulacrum (D:15)
  5 wraiths
  3 ynoxinuls
  2 fire elementals
  A human (shapeshifter) (Elf:2)
  3 wyverns
  5 water elementals
  47 yaks
  5 fire bats (Volcano)
  6 wargs
  7 basilisks
  3 steam dragons
  9 vampire mosquitoes
  3 redbacks
  6 chaos spawn
  An elf skeleton (Vaults:2)
  45 nagas
  2 acid dragons
  18 swamp worms
  3 spatial vortices (Abyss:3)
  A glowing shapeshifter skeleton (Depths:2)
  18 water moccasins
  7 swamp drakes
  A moth of wrath simulacrum (Zot:2)
  3 hell hounds (Volcano)
  47 orc warriors
  7 laughing skulls
  2 sky beasts
  8 black bears
  An ice beast (D:7)
  16 ogres
  An ettin simulacrum (Vaults:2)
  6 boggarts
  38 wolves
  9 centaurs
  3 lemures (D:8)
  2 kobold brigands
  2 phantoms (D:5)
  A scorpion (D:7)
  10 bullfrogs
  4 earth elementals
  A small abomination (Abyss:3)
  13 wights
  24 killer bees
  4 howler monkeys
  A quasit (Abyss:3)
  A bombardier beetle (D:7)
  9 jellies
  19 orc priests
  17 starcursed masses (Abyss:3)
  An iron imp (Abyss:3)
  5 sleepcaps (D:8)
  10 iguanas
  35 orc wizards
  2 killer bee zombies (D:8)
  8 adders
  2 shadow imps
  A white imp (D:6)
  5 ufetubi
  3 dart slugs
  2 ribbon worms
  113 orcs
  8 ball pythons
  4 bats
  7 endoplasms
  4 giant cockroaches
  6 hobgoblins
  3 jackals (D:4)
  5 quokkas
  4 frilled lizards
  4 goblins
  17 kobolds
  5 rats
  8 aspiring fleshes
  A starspawn tentacle (Abyss:3)
2309 creatures vanquished.

Vanquished Creatures (collateral kills)
  2 killer bees (D:5)
2 creatures vanquished.

Vanquished Creatures (others)
  A tengu reaver (Vaults:5)
  A stone giant (Depths:1)
  A salamander mystic (Snake:4)
  A deep troll (Depths:1)
  A lindwurm (Vaults:1)
  A bloated husk (Swamp:1)
  2 nagas
  A water moccasin (Zot:5)
  A killer bee (D:5)
  3 orc wizards
  19 foxfires
  A starspawn tentacle (Abyss:3)
33 creatures vanquished.

Grand Total: 2344 creatures vanquished

Notes
Turn   | Place    | Note
-------+----------+-------------------------------------------
     0 | D:1      | Gryn the Demonspawn Artificer began the quest for the Orb.
     0 | D:1      | Reached XP level 1. HP: 15/15 MP: 1/1
   254 | D:1      | Reached skill level 2 in Fighting
   256 | D:1      | Discovered your monstrous ancestry.
   256 | D:1      | Gained mutation: You have large cloven feet. [demonic
                  | ancestry]
   256 | D:1      | Reached XP level 2. HP: 15/22 MP: 2/2
   759 | D:1      | You fall into a shaft and drop 1 floor!
   806 | D:2      | Reached skill level 1 in Maces & Flails
   844 | D:2      | Gained mutation: You sometimes gain a little power by
                  | taking damage. [demonic ancestry]
   844 | D:2      | Reached XP level 3. HP: 19/28 MP: 3/3
  1484 | D:3      | Found a faded altar of an unknown god.
  1696 | D:3      | Gained mutation: You regenerate magic rapidly. [demonic
                  | ancestry]
  1696 | D:3      | Reached XP level 4. HP: 34/34 MP: 4/4
  2134 | D:4      | Reached XP level 5. HP: 39/39 MP: 5/5
  2570 | D:4      | Found a staircase to the Ecumenical Temple.
  2577 | Temple   | Entered the Ecumenical Temple
  2595 | Temple   | Became a worshipper of the Wu Jian Council
  2631 | D:4      | Reached XP level 6. HP: 46/46 MP: 6/6
  2798 | D:4      | Noticed a water moccasin
  2804 | D:4      | Killed a water moccasin
  2805 | D:4      | Reached skill level 5 in Maces & Flails
  2908 | D:5      | Entered Level 5 of the Dungeon
  3058 | D:5      | Reached XP level 7. HP: 40/51 MP: 7/7
  3662 | D:5      | Gained mutation: You have a pair of small horns on your
                  | head. [demonic ancestry]
  3662 | D:5      | Reached XP level 8. HP: 42/57 MP: 8/8
  4579 | D:6      | Found Utwetuv's Book Boutique.
  4943 | D:7      | Noticed Maurice
  4995 | D:6      | Reached * piety under Wu Jian
  5056 | D:7      | Noticed Maggie
  5065 | D:7      | Killed Maggie
  5066 | D:7      | Reached skill level 10 in Maces & Flails
  5205 | D:7      | Killed Maurice
  5206 | D:7      | Gained mutation: You sometimes gain power by taking damage.
                  | [demonic ancestry]
  5206 | D:7      | Reached XP level 9. HP: 57/62 MP: 9/9
  5430 | D:7      | Reached skill level 3 in Fighting
  5744 | D:6      | Reached skill level 4 in Fighting
  6060 | D:8      | Identified a scroll of acquirement
  6060 | D:8      | Acquired the ring of the Tortoise {AC+8}
  6060 | D:8      | Found the ring of the Tortoise {AC+8}
  6186 | D:8      | Reached skill level 5 in Fighting
  6245 | D:8      | Found a flagged portal.
  6248 | D:8      | Noticed Erica
  6249 | D:8      | Reached ** piety under Wu Jian
  6256 | D:8      | Killed Erica
  6257 | D:8      | Reached skill level 6 in Fighting
  6257 | D:8      | Reached skill level 5 in Armour
  6257 | D:8      | Gained mutation: You have a pair of horns on your head.
                  | [demonic ancestry]
  6257 | D:8      | Reached XP level 10. HP: 76/76 MP: 10/10
  6258 | D:8      | Noticed an orange demon
  6259 | D:8      | Noticed Amaemon
  6265 | Bailey   | Entered a bailey
  6516 | Bailey   | Found the +5 Storm Queen's Shield {shock, Fly rElec}
  6518 | Bailey   | Identified the +5 leather armour of Clean Tender Moments
                  | {Str+3}
  6617 | D:8      | Killed an orange demon
  6618 | D:8      | Reached skill level 1 in Shields
  6631 | D:8      | Killed Amaemon
  6632 | D:8      | Reached skill level 7 in Fighting
  6751 | D:8      | Noticed Pikel
  6780 | D:8      | Paralysed by Pikel for 4 turns
  6782 | D:8      | Killed Pikel
  7146 | D:8      | Reached skill level 8 in Fighting
  7160 | D:8      | Reached *** piety under Wu Jian
  7241 | D:8      | Noticed a two-headed ogre
  7287 | D:8      | Killed a two-headed ogre
  7288 | D:8      | Reached XP level 11. HP: 86/86 MP: 11/11
  8009 | D:9      | Reached skill level 5 in Shields
  8015 | D:9      | Found a staircase to the Lair.
  8019 | D:9      | Reached skill level 9 in Fighting
  8329 | D:9      | Noticed a two-headed ogre
  8336 | D:9      | Killed a two-headed ogre
  8432 | D:10     | Entered Level 10 of the Dungeon
  8452 | D:10     | Found an opulent altar of Gozag.
  8512 | D:10     | Noticed a two-headed ogre
  8514 | D:10     | Killed a two-headed ogre
  8631 | D:10     | Found a staircase to the Orcish Mines.
  8729 | D:10     | Found a large runed translucent door.
  8730 | D:10     | Found a large runed translucent door.
  8785 | D:10     | Found an iron altar of Okawaru.
  8792 | D:10     | Found a broken altar of Ashenzari.
  8852 | D:10     | Reached **** piety under Wu Jian
  8870 | D:10     | Reached skill level 10 in Fighting
  8979 | Lair:1   | Entered Level 1 of the Lair of Beasts
  9386 | Lair:1   | Noticed a deep troll
  9393 | Lair:1   | Killed a deep troll
  9394 | Lair:1   | Gained mutation: You have a pair of large horns on your
                  | head. [demonic ancestry]
  9394 | Lair:1   | Reached XP level 12. HP: 94/99 MP: 12/12
  9637 | Lair:2   | Reached skill level 11 in Fighting
 10187 | Lair:2   | Reached skill level 12 in Fighting
 10756 | Lair:3   | Identified the +8 morningstar of the Vulture {freeze, Fly
                  | rC+ Will+ Stlth+}
 10773 | Lair:3   | Noticed a death yak
 10808 | Lair:3   | Noticed a seven-headed hydra
 10815 | Lair:3   | Killed a seven-headed hydra
 10815 | Lair:3   | Found a staircase to the Swamp.
 10827 | Lair:3   | Reached ***** piety under Wu Jian
 10833 | Lair:3   | Found a frozen archway.
 10842 | IceCv    | Entered an ice cave
 10871 | IceCv    | Reached skill level 10 in Shields
 10911 | IceCv    | Noticed a death yak
 10912 | IceCv    | Noticed a death yak
 10919 | IceCv    | Killed a death yak
 10919 | IceCv    | Killed a death yak
 10920 | IceCv    | Reached skill level 13 in Fighting
 10920 | IceCv    | Reached skill level 1 in Throwing
 10920 | IceCv    | Reached XP level 13. HP: 111/111 MP: 13/13
 10996 | IceCv    | Noticed a frost giant
 11019 | IceCv    | Killed a frost giant
 11367 | IceCv    | Reached skill level 5 in Throwing
 11747 | Lair:3   | Found a staircase to the Snake Pit.
 12649 | Lair:4   | Found a dark tunnel.
 12657 | Volcano  | Entered a volcano
 13151 | Lair:5   | Entered Level 5 of the Lair of Beasts
 13188 | Lair:5   | Gained mutation: You are powered by pain. [demonic
                  | ancestry]
 13188 | Lair:5   | Reached XP level 14. HP: 117/118 MP: 14/14
 13285 | Lair:5   | Reached skill level 15 in Maces & Flails
 13315 | Lair:5   | Found a staircase to the Slime Pits.
 13317 | Lair:5   | Found a viscous altar of Jiyva.
 13437 | Lair:5   | Reached ****** piety under Wu Jian
 14027 | Lair:5   | Reached skill level 1 in Dodging
 14182 | Lair:5   | Identified the +6 trident "Sorucw" {elec, rPois rN+ Str+5
                  | Dex-5}
 14289 | Lair:5   | Reached skill level 5 in Dodging
 14588 | Orc:1    | Entered Level 1 of the Orcish Mines
 14653 | Orc:1    | Found a transporter.
 14654 | Orc:1    | Found an ornate altar of the Wu Jian Council.
 14769 | Orc:1    | Found a transporter.
 14776 | Orc:1    | Found a transporter.
 14796 | Orc:1    | Found a transporter.
 14797 | Orc:1    | Found an ornate altar of the Wu Jian Council.
 14797 | Orc:1    | Noticed an orc warlord
 14951 | Orc:2    | Entered Level 2 of the Orcish Mines
 14988 | Orc:2    | Reached skill level 1 in Spellcasting
 15095 | Orc:2    | Found a staircase to the Elven Halls.
 15630 | Orc:2    | Noticed an orc warlord
 15864 | Orc:1    | Reached skill level 5 in Spellcasting
 15897 | Orc:2    | Killed an orc warlord
 15923 | Orc:2    | Gained mutation: When hurt, damage is shared between your
                  | health and your magic reserves. [demonic ancestry]
 15923 | Orc:2    | Reached XP level 15. HP: 123/123 MP: 22/22
 15982 | Orc:2    | Found Ischuseta's Antique Armour Shop.
 15982 | Orc:2    | Found Xyzasaar's Antique Weapon Shop.
 15984 | Orc:2    | Found Peczegg's General Store.
 15984 | Orc:2    | Found Cole's Book Boutique.
 16115 | Orc:2    | Bought a scroll of blinking for 135 gold pieces
 17794 | D:12     | Found Zofudajy's Magic Scroll Emporium.
 17797 | D:12     | Bought 2 scrolls of summoning for 304 gold pieces
 17797 | D:12     | Bought a scroll of enchant weapon for 120 gold pieces
 17797 | D:12     | Bought a scroll of summoning for 152 gold pieces
 17863 | D:13     | Found a gate to the Vaults.
 18131 | D:13     | Noticed Lodul
 18138 | D:13     | Killed Lodul
 18542 | D:14     | Noticed Jorgrun
 18557 | D:14     | Killed Jorgrun
 18799 | D:14     | Found a runed translucent door.
 18805 | D:14     | Noticed a storm dragon
 18805 | D:14     | Noticed a lich
 18807 | D:14     | Found a runed translucent door.
 18808 | D:14     | Noticed Ryzattoa's ghost (journeyman OpFE)
 19013 | D:14     | Identified the +0 helmet of an ice cave {+Inv Int+3 Dex+4}
 19059 | D:14     | Identified the amulet of Wonder {Faith Int-5 Dex+5 Stlth+}
 19266 | D:15     | Entered Level 15 of the Dungeon
 19296 | D:15     | Found a staircase to the Depths.
 19296 | D:15     | Noticed a fire giant
 19311 | D:15     | Killed a fire giant
 19494 | D:15     | Found a sparkling altar of Nemelex Xobeh.
 19527 | D:15     | Found a hide-covered altar of Uskayaw.
 19614 | D:15     | Found Teqaeph's Antique Armour Boutique.
 19619 | D:15     | Bought a jewelled scale mail for 288 gold pieces
 19619 | D:15     | Identified the +7 scale mail "Reicir" {rN+ Int+6} (You
                  | bought it in a shop on level 15 of the Dungeon)
 20408 | Swamp:1  | Entered Level 1 of the Swamp
 20420 | Swamp:1  | Reached skill level 14 in Fighting
 20709 | Swamp:1  | Identified the +10 quarterstaff of Non Obstante Veredicto
                  | {heavy, rElec rPois Stlth+}
 20804 | Swamp:1  | Gained mutation: You have a small tail. [demonic ancestry]
 20804 | Swamp:1  | Reached XP level 16. HP: 133/133 MP: 26/26
 21079 | Swamp:2  | Noticed Donald
 21094 | Swamp:2  | Killed Donald
 21641 | Swamp:3  | Found a broken altar of Ashenzari.
 21662 | Swamp:3  | Paralysed by a hornet for 2 turns
 21794 | Swamp:3  | Noticed a thorn hunter
 21822 | Swamp:3  | Killed a thorn hunter
 22453 | Swamp:4  | Entered Level 4 of the Swamp
 22536 | Swamp:4  | Reached skill level 15 in Fighting
 22577 | Swamp:4  | Noticed a thorn hunter
 22588 | Swamp:4  | Killed a thorn hunter
 22828 | Swamp:4  | Paralysed by a fenstrider witch for 2 turns
 22833 | Swamp:4  | Reached skill level 10 in Armour
 22890 | Abyss:3  | Cast into level 3 of the Abyss (an occultist)
 22899 | Abyss:3  | Noticed an Executioner
 22905 | Abyss:3  | Killed an Executioner
 22924 | Abyss:3  | Found a corrupted altar of Lugonu.
 23061 | Abyss:3  | Noticed a tentacled starspawn
 23068 | Abyss:3  | Killed a tentacled starspawn
 23172 | Abyss:3  | Noticed a hellephant
 23199 | Swamp:4  | Escaped the Abyss
 23217 | Swamp:4  | Gained mutation: You have hoof-like feet. [demonic
                  | ancestry]
 23217 | Swamp:4  | Reached XP level 17. HP: 48/143 MP: 13/27
 23626 | Swamp:4  | Reached skill level 16 in Fighting
 23786 | Swamp:4  | Got a decaying rune of Zot
 23939 | Snake:1  | Entered Level 1 of the Snake Pit
 23966 | Snake:1  | Reached skill level 5 in Evocations
 24919 | Snake:2  | Identified the serpent talisman "Afonked" {rElec rC+ rN+
                  | Int-4}
 24919 | Snake:2  | Noticed Aizul
 25031 | Snake:1  | Killed Aizul
 25417 | Snake:2  | Noticed Asterion
 25432 | Snake:1  | Killed Asterion
 26133 | Snake:2  | Noticed Vashnia
 26149 | Snake:2  | Killed Vashnia
 26150 | Snake:2  | Reached skill level 10 in Evocations
 26886 | Snake:3  | Identified the +8 chain mail of Intuition {rPois Will+
                  | Regen+ Dex-4}
 26977 | Snake:3  | Gained mutation: Your presence sometimes corrodes those you
                  | injure. [demonic ancestry]
 26977 | Snake:3  | Reached XP level 18. HP: 144/151 MP: 26/28
 27026 | Snake:3  | Noticed Saint Roka
 27042 | Snake:3  | Killed Saint Roka
 27544 | Snake:3  | Noticed Bai Suzhen
 27570 | Snake:3  | Killed Bai Suzhen
 28199 | Snake:4  | Entered Level 4 of the Snake Pit
 28199 | Snake:4  | Found Sammiyng's Book Shop.
 28548 | Snake:4  | Got a serpentine rune of Zot
 28607 | Snake:4  | Identified the +0 scale mail of the Teacher {+Blink rF+}
 29363 | Vaults:1 | Entered Level 1 of the Vaults
 29392 | Vaults:1 | Reached skill level 10 in Spellcasting
 29443 | Vaults:1 | Gained mutation: You have hooves in place of feet. [demonic
                  | ancestry]
 29443 | Vaults:1 | Reached XP level 19. HP: 157/157 MP: 33/33
 29463 | Vaults:1 | Identified the +2 robe of Pandemonium {Harm Str-2 Slay+2}
 29463 | Vaults:1 | Noticed Boris
 29473 | Vaults:1 | Killed Boris
 30446 | Vaults:1 | Paralysed by a formless jellyfish for 1 turns
 30871 | Vaults:2 | Reached skill level 15 in Shields
 31037 | Vaults:2 | Found a staircase to the Crypt.
 31054 | Vaults:2 | Reached skill level 15 in Armour
 31320 | Vaults:2 | Reached XP level 20. HP: 152/164 MP: 30/34
 32100 | Vaults:3 | Noticed Mara
 32105 | Vaults:3 | Killed Mara
 32250 | Vaults:3 | Found a portal to a secret trove of treasure.
 32451 | Vaults:3 | Identified the +2 pair of gloves "Nuip" {Fly rPois rCorr
                  | SInv}
 32537 | Vaults:3 | Found Uveg's Weapon Shoppe.
 33974 | Vaults:4 | Found Urroruff's Book Shoppe.
 34051 | Vaults:4 | Found Piras's Book Shoppe.
 34167 | Vaults:4 | Identified the +4 robe of Watchfulness {Int+2}
 34167 | Vaults:4 | Noticed Boris
 34195 | Vaults:4 | Reached XP level 21. HP: 53/172 MP: 20/35
 34571 | Vaults:4 | Killed Boris
 34572 | Vaults:4 | Reached skill level 17 in Fighting
 34817 | Vaults:4 | Acquired a +0 eveningstar of draining
 34930 | Vaults:5 | Entered Level 5 of the Vaults
 34942 | Vaults:5 | Reached skill level 18 in Fighting
 34968 | Vaults:5 | Noticed an ancient lich
 34971 | Vaults:5 | Reached skill level 19 in Fighting
 34977 | Vaults:5 | Killed an ancient lich
 34999 | Vaults:5 | Reached skill level 20 in Fighting
 35056 | Vaults:5 | Gained mutation: You have a tail ending in a sharp stinger.
                  | [demonic ancestry]
 35056 | Vaults:5 | Reached XP level 22. HP: 103/192 MP: 25/36
 35057 | Vaults:5 | Identified the ring of Vonotsi {*Slow rF+ rC- Will++ Str+2}
 35073 | Vaults:5 | Reached skill level 21 in Fighting
 35084 | Vaults:5 | Noticed an ancient lich
 35085 | Vaults:5 | Killed an ancient lich
 35092 | Vaults:5 | Noticed a golden dragon
 35097 | Vaults:5 | Killed a golden dragon
 35295 | Vaults:5 | Identified the +0 leather armour of the Orb {Str+3 Int+3
                  | Dex-4 Slay+3}
 35522 | Vaults:5 | Identified the +3 war axe of Otuemm {drain, *Rage rF++
                  | Will+ Dex-5}
 35616 | Vaults:5 | Identified the orb of the Stars {light, rN+ MP-9 SInv
                  | Stlth+}
 35631 | Vaults:5 | Identified the staff "Asoirix" {rElec Will+ Tloc Air}
 35870 | Vaults:5 | Got a silver rune of Zot
 36472 | Elf:1    | Entered Level 1 of the Elven Halls
 36508 | Elf:1    | Found Ujukadghi's Antique Weapon Boutique.
 36550 | Elf:1    | Identified the +2 scale mail of the Five Geomancers {rElec
                  | rC+ Str+2 Int-2}
 36714 | Elf:1    | Identified the +0 leather armour of Gravity {rPois Will+
                  | Dex-4}
 36731 | Elf:1    | Reached skill level 22 in Fighting
 36748 | Elf:1    | Got Sif Muna's Parchment of Command
 36868 | Elf:1    | Reached skill level 1 in Translocations
 37293 | Elf:2    | Found Etumink's Jewellery Shoppe.
 37383 | Elf:2    | Found a runed translucent gate.
 37383 | Elf:2    | Found a runed translucent gate.
 37385 | Elf:2    | Found a runed translucent gate.
 37668 | Elf:2    | Learned a level 4 spell: Passage of Golubria
 37682 | Elf:3    | Entered Level 3 of the Elven Halls
 37725 | Elf:3    | Reached skill level 5 in Translocations
 37803 | Elf:3    | Found Hidip's Jewellery Boutique.
 37819 | Elf:3    | Paralysed by an air elemental for 1 turns
 37836 | Elf:3    | Identified the +5 ring mail of Pathos {+Blink rN+}
 37953 | Elf:3    | Found Torapn's Assorted Antiques.
 37959 | Elf:3    | Bought a scroll of teleportation for 93 gold pieces
 37959 | Elf:3    | Bought a potion of curing for 93 gold pieces
 37959 | Elf:3    | Bought a potion of cancellation for 248 gold pieces
 38501 | Abyss:3  | Cast into level 3 of the Abyss (a deep elf sorcerer)
 38513 | Abyss:3  | Found a corrupted altar of Lugonu.
 38547 | Abyss:3  | Noticed a dread lich
 38660 | Abyss:3  | Found a transporter.
 38672 | Abyss:3  | Found a transporter.
 38686 | Abyss:3  | Gained mutation: You have a sharp stinger which inflicts
                  | weakening toxins. [demonic ancestry]
 38686 | Abyss:3  | Reached XP level 23. HP: 168/201 MP: 34/37
 38693 | Abyss:3  | Reached skill level 10 in Translocations
 38699 | Abyss:3  | Found a corrupted altar of Lugonu.
 38701 | Abyss:3  | Found a transporter.
 38701 | Abyss:3  | Noticed a dread lich
 38703 | Abyss:3  | Killed a dread lich
 38706 | Abyss:3  | Found a transporter.
 38711 | Abyss:3  | Got an abyssal rune of Zot
 38739 | Elf:3    | Escaped the Abyss
 38825 | Elf:3    | Identified the +6 scimitar of Ancient Evil {venom, rPois
                  | Will+ Str+3}
 38870 | Elf:3    | Identified the staff "Nele Sohe" {^Contam rElec rPois rC+
                  | Tloc Alchemy}
 38882 | Elf:3    | Got the Tome of Electrocution and Leucosis
 38902 | Elf:3    | Got the Secrets of Breccia and the Alkahest
 38907 | Elf:3    | Identified the +0 leather armour "Uhutseet" {+Inv}
 39010 | Elf:3    | Identified the +7 glaive of Grace {flame, *Rage rPois rF+
                  | rCorr}
 39538 | Vaults:3 | You showed the abyssal rune of Zot to enter a treasure
                  | trove
 39539 | Trove    | Entered a treasure trove
 39544 | Trove    | Found the +8 whip "Snakebite" {venom, curare, rPois}
 39546 | Trove    | Identified the +0 plate armour of Guconouj {rC+ Str+3 Int-3
                  | Slay+4}
 39559 | Trove    | Identified the amulet of the Evening {Reflect -Tele Harm
                  | Regen+ SH+5}
 39566 | Trove    | Identified the ring of Departure {Fly rElec Will+ Str+6
                  | Int-3}
 39574 | Trove    | Identified the +1 pair of gloves of Nuclywk {rElec rF+ rN++
                  | SInv}
 39800 | Depths:1 | Entered Level 1 of the Depths
 39862 | Depths:1 | Noticed a caustic shrike
 39919 | Depths:1 | Killed a caustic shrike
 40217 | Depths:1 | Found a gateway to Hell.
 40435 | Depths:1 | Found a stormy altar of Qazlal.
 40811 | Depths:2 | Found a one-way gateway to a ziggurat.
 40841 | Depths:2 | Reached skill level 23 in Fighting
 41166 | Depths:2 | Gained mutation: Your presence sometimes corrodes or
                  | deforms those you injure. [demonic ancestry]
 41166 | Depths:2 | Reached XP level 24. HP: 209/216 MP: 36/37
 41213 | Depths:2 | Reached skill level 24 in Fighting
 41536 | Depths:2 | Found a one-way gate leading to the halls of Pandemonium.
 41919 | Depths:3 | Noticed a juggernaut
 41930 | Depths:3 | Killed a juggernaut
 42103 | Depths:3 | Found a blossoming altar of Fedhas.
 42426 | Depths:3 | Found a one-way gate to the infinite horrors of the Abyss.
 43667 | Depths:4 | Entered Level 4 of the Depths
 43748 | Depths:4 | Found a corrupted altar of Lugonu.
 44109 | Depths:4 | Found Apiufoy's Weapon Shop.
 44311 | Depths:4 | Found a gate to the Realm of Zot.
 44398 | Depths:4 | Acquired a manual of Short Blades
 44629 | Zot:1    | Entered Level 1 of the Realm of Zot
 44632 | Zot:1    | Found an opulent altar of Gozag.
 44633 | Zot:1    | Found an opulent altar of Gozag.
 44639 | Zot:1    | Noticed an orb of fire
 44641 | Zot:1    | Gained mutation: Armour fits poorly on your strangely
                  | shaped body. [an orb of fire]
 44647 | Zot:1    | Killed an orb of fire
 44652 | Zot:1    | Found an opulent altar of Gozag.
 45203 | Zot:1    | Noticed an orb of fire
 45212 | Zot:1    | Killed an orb of fire
 45749 | Zot:2    | Noticed an orb of fire
 45750 | Zot:2    | Gained mutation: You have hidden genetic defects. [an orb
                  | of fire]
 45751 | Zot:2    | Gained mutation: Your body sometimes deteriorates upon
                  | taking damage. [an orb of fire]
 45763 | Zot:2    | Killed an orb of fire
 45843 | Zot:1    | Lost mutation: You have hidden genetic defects. [potion of
                  | mutation]
 45843 | Zot:1    | Lost mutation: Armour fits poorly on your strangely shaped
                  | body. [potion of mutation]
 45843 | Zot:1    | Lost mutation: Your body sometimes deteriorates upon taking
                  | damage. [potion of mutation]
 45843 | Zot:1    | Gained mutation: You are dopey. (Int -2) [potion of
                  | mutation]
 45843 | Zot:1    | Gained mutation: You have hidden genetic potential. [potion
                  | of mutation]
 45903 | Zot:2    | Gained mutation: You can speak a Word of Chaos. [demonic
                  | ancestry]
 45903 | Zot:2    | Reached XP level 25. HP: 87/223 MP: 15/40
 46118 | Zot:2    | Found a stormy altar of Qazlal.
 46268 | Zot:2    | Identified the ring "Loideopn" {Ice Str+5}
 46268 | Zot:2    | Noticed Josephina
 46281 | Zot:2    | Killed Josephina
 46740 | Zot:3    | Identified the +9 trident of Kismet {spect, Dex+3}
 46973 | Zot:3    | Noticed a Killer Klown
 46982 | Zot:3    | Killed a Killer Klown
 48356 | Zot:4    | Reached skill level 10 in Dodging
 48395 | Zot:4    | Gained mutation: Your flesh is heat resistant. (rF+)
                  | [hidden potential]
 48434 | Zot:4    | Found a shadowy altar of Dithmenos.
 48436 | Zot:4    | Found an ornate altar of the Wu Jian Council.
 48751 | Zot:4    | Reached XP level 26. HP: 226/231 MP: 39/40
 49244 | Zot:5    | Entered Level 5 of the Realm of Zot
 49813 | Zot:5    | Noticed an ancient lich
 49820 | Zot:5    | Killed an ancient lich
 49888 | Zot:5    | Noticed an orb of fire
 49913 | Zot:5    | Noticed an orb of fire
 49913 | Zot:5    | Noticed an orb of fire
 49916 | Zot:5    | Gained mutation: You occasionally lose the ability to drink
                  | potions when taking damage. [an orb of fire]
 49917 | Zot:5    | Killed an orb of fire
 49919 | Zot:5    | Noticed an orb of fire
 49919 | Zot:5    | Killed an orb of fire
 49923 | Zot:5    | Killed an orb of fire
 49927 | Zot:5    | Killed an orb of fire
 49951 | Zot:5    | Noticed an orb of fire
 49957 | Zot:5    | Gained mutation: You are very dopey. (Int -4) [an orb of
                  | fire]
 49958 | Zot:5    | Killed an orb of fire
 49966 | Zot:5    | Noticed a dread lich
 49967 | Zot:5    | Noticed an orb of fire
 49971 | Zot:5    | Killed a dread lich
 49972 | Zot:5    | Noticed an ancient lich
 49972 | Zot:5    | Killed an orb of fire
 49976 | Zot:5    | Killed an ancient lich
 49988 | Zot:5    | Got the Orb of Zot
 49999 | Zot:5    | Noticed an orb of fire
 50010 | Zot:5    | Killed an orb of fire
 50064 | Zot:5    | Noticed Meosud the pandemonium lord
 50115 | Zot:1    | Lost mutation: You are very dopey. (Int -4) [hidden
                  | potential]
 50115 | Zot:1    | Lost mutation: You have hidden genetic potential. [hidden
                  | potential expressed]
 50439 | D:6      | Gained mutation: You are very dopey. (Int -4) [a cacodemon]
 50603 | D:$      | Escaped with the Orb!

Illustrated notes

Levels and vault maps discovered:
D:1:      amcnicky_arrival_wind_blow, layout_loops_ring
D:2:      layout_rooms, minmay_3d_cube
D:3:      layout_loops_ring, hellmonk_ecumenical_altar_leap_of_faith
D:4:      layout_basic, temple_fountains, chequers_serial_rivers_room_b
D:5:      kennysheep_six_static_rooms, layout_loops_ring
D:6:      layout_cave_pods, tso_oasis_becter, serial_shops, shop,
          amcnicky_mini_corridor_feature
D:7:      nicolae_cairo_tiling, layout_cave_pools, uniq_maurice, uniq_maggie
D:8:      regret_index_malice_mire, layout_rooms, enter_bailey_2, st_stairs_4,
          uniq_pikel, uniq_amaemon, uniq_erica
D:9:      layout_roguey, erik_lair_dragon
D:10:     layout_rooms, mainiacjoe_overflow_six_doors_small,
          mainiacjoe_overflow_big_doors, orc_0_dummy, lightli_elemental_guards
D:11:     layout_irregular_city
D:12:     layout_irregular_city, serial_shops, nicolae_shop_rolled_up
D:13:     layout_cave_pools, hellmonk_vaults_order_and_chaos, elyvilon_altar_1,
          uniq_lodul
D:14:     layout_irregular_city, muffindrake_ghost_dual_entry, uniq_jorgrun
D:15:     grunt_enter_depths_giant_problem, layout_stronghold,
          nemelex_diamond_rough_becter, serial_shops, nicolae_shop_dealshenge,
          eat_drink_and_be_merry_uskayaw
Temple:   hc_temple_tempest_star
Lair:1:   dreamdust_cave_troll, layout_misc_corridors, beast_lair_carwin_5
Lair:2:   layout_roguey, serial_bayou_shore_b, serial_bayou_shore_b
Lair:3:   layout_regular_city, minmay_swamp_entry_swarm,
          minmay_snake_entry_guardpost_small, portal_ice_cave_entry_pillars_1,
          hangedman_lair_generics_rect
Lair:4:   layout_misc_corridors, enter_volcano_2, grunt_megastairs_3
Lair:5:   minmay_lair_end_enchanted_forest, layout_gridlike,
          nicolae_slime_entry_slimehenge, nzn_sisyphean_effort
Swamp:1:  layout_falls_marsh, serial_swamp_ruin, evilmike_swamp_ruin_house_5,
          evilmike_swamp_ruin_house_1
Swamp:2:  layout_falls_marsh, evilmike_swamp_ruin_house_4, swamp_pool_5,
          uniq_donald
Swamp:3:  nicolae_swamp_wrong_neighborhood, layout_basic_swamp, basic_altar,
          swamp_pool_1_2, nicolae_swamp_decorative_isthmus
Swamp:4:  nzn_swamp_witches_coven, layout_basic_swamp, swamp_pool_5
Snake:1:  layout_grid_maze, serial_bayou_shore_b
Snake:2:  layout_gridlike, nicolae_snake_snakes_in_the_grass,
          serial_bayou_shore_a, uniq_aizul, uniq_vashnia, uniq_asterion
Snake:3:  layout_layer_cave, uniq_saint_roka, uniq_bai_suzhen
Snake:4:  minmay_snake_end_coiled, layout_grid_shapes, serial_shops, shop,
          minmay_snake_pond
Orc:1:    dreamdust_wu_jian_sword_trials, layout_caves, small_statue_alley_c,
          nicolae_orc_tapped_out
Orc:2:    st_orc_congregation, layout_diamond_mine
Elf:1:    minmay_elf_arrival_summoners, layout_gridlike, serial_shops, shop,
          minmay_elf_demonology
Elf:2:    nicolae_elf_blades_splatter_lattice [mumra_blade_entry_bloodbath],
          layout_loops_corners, serial_shops, nicolae_shop_advertising_works
          [nicolae_subvault_shop_adworks], amcnicky_mini_rare_corridor_liquid,
          minmay_misc_feat_diagonals, drop_trap, uniq_louise
Elf:3:    minmay_elf_hall_furrowed, layout_loops_corners, serial_shops, shop,
          nicolae_square_shop, statue_in_the_mist_lemuel
Vaults:1: nicolae_vaults_little_squares_1, v_misc_23, v_misc_28,
          nicolae_vaults_ring_of_whatevers, nicolae_vaults_heist,
          vaults_room_guarded_vault, v_misc_22,
          nicolae_vaults_windows_and_doors_thing, v_misc_4,
          ontoclasm_vaults_ligature, nicolae_vaults_offset_grid_hallway_1,
          nicolae_vaults_more_shelving_2, nicolae_vaults_closet_pinwheel_1,
          nicolae_vaults_house_1, layout_vaults_ring, uniq_boris
Vaults:2: nicolae_vaults_cornered_office, minmay_crypt_entry_simple_statues,
          nicolae_vaults_gold_heap, nicolae_vaults_ellipses_ellipsis,
          vaults_standard_mumra_lines, nicolae_vaults_network_square,
          nicolae_vaults_layer_cake_slice, vaults_dpeg_hooks,
          layout_vaults_omnicross
Vaults:3: vaults_mumra_minichess, nicolae_vaults_puzzle_piece,
          vaults_mumra_minichess_inversion, nicolae_vaults_three_branches,
          nicolae_vaults_cochlea, vaults_room_large_hall,
          nicolae_vaults_weapon_check, nicolae_vaults_little_squares_1,
          serial_library_hellmonk_angled_corner, layout_vaults_chaotic_city,
          serial_shops, nicolae_square_shop, nicolae_trove_entry_isolated,
          uniq_mara
Vaults:4: v_alt_pattern_2, nicolae_vaults_sealed_display,
          nicolae_vaults_sightless_eye, nicolae_vaults_trapezoid_lopsided_1,
          nicolae_vaults_know_your_exits, vaults_standard_mumra_x,
          nicolae_vaults_octothorpe, nicolae_vaults_closet_pinwheel_4,
          layout_vaults_omnigrid, serial_shops, nicolae_shop_just_a_little_nook,
          nicolae_book_shop_shelving
Vaults:5
Depths:1: layout_basic, grunt_qazlal_clouds, hellmouth_3,
          corexii_leaking_fountain, minmay_fractal_squares_gapless_7
Depths:2: hangedman_arch_fort, layout_basic, enter_ziggurat_c,
          serial_sigils_hangedman_stare, hell_entry, grunt_pan_entry_spiral,
          infiniplex_staircase_x
Depths:3: minmay_dotted_concentric_squares, layout_gridlike, abyss_entry,
          fedhas_altar_2, hell_entry, nrook_pool_corridor, interstate_on_off
Depths:4: evilmike_zot_entry_round, layout_honeycomb, serial_shops,
          nicolae_shop_hallway_plus, grunt_hell_entry_dis_mu,
          abyss_entry_flame_altar, chequers_serial_rivers_small_a
Zot:1:    layout_basic, regret_index_zotdec_silver_v_v_loose
Zot:2:    layout_gridville, regret_index_zotdec_storm_pass, uniq_josephina
Zot:3:    layout_cathedral_of_symmetry, bh_zot_lava_cross,
          regret_index_zotdec_zees, grunt_megastairs_5
Zot:4:    layout_twisted_circle, regret_index_zotdec_glowing_original,
          regret_index_zot_stipple_split, regret_index_zotdec_twisting_globes
Zot:5:    layout_misc_corridors

Skill      XL: |  1  2  3  4  5  6  7  8  9 10 11 12 13 14 15 16 17 18 19 20 21 22 23 24 25 26 |
---------------+-------------------------------------------------------------------------------+-----
Fighting       | 2 6 8 10 13 14 15 16 20 22 23 24 | 24.0
Maces & Flails | 1 2 3 4 6 8 10 11 12 14 16 20 21 | 21.0
Armour         | 5 6 8 10 11 13 15 17 18 20 | 20.3
Shields        | 3 7 10 11 13 15 17 18 20 | 20.3
Throwing       | 1 5 |  5.0
Dodging        | 6 8 10 | 10.0
Spellcasting   | 5 7 10 13 | 13.0
Evocations     | 12 13 | 13.0
Translocations | 9 12 | 12.0
Stealth        | |  0.8

Action                     |  1- 3 |  4- 6 |  7- 9 | 10-12 | 13-15 | 16-18 | 19-21 | 22-24 | 25-27 || total
---------------------------+-------+-------+-------+-------+-------+-------+-------+-------+-------++-------
  Melee: Club              |    37 |       |       |       |       |       |       |       |       ||    37
         Whip              |    96 |    93 |       |       |       |       |       |       |       ||   189
         Kick              |    26 |    33 |    69 |   204 |   422 |   471 |   725 |   846 |   506 ||  3302
         Morningstar       |       |    88 |   255 |   135 |    85 |       |       |       |       ||   563
         Headbutt          |       |       |    32 |   126 |   261 |   282 |   449 |   504 |   308 ||  1962
         Demon whip        |       |       |       |   416 |  1042 |  1179 |  1628 |  1906 |  1071 ||  7242
         Tailslap          |       |       |       |       |       |   187 |   331 |   373 |   209 ||  1100
  Throw: Dart              |     1 |     3 |    19 |    12 |     6 |     2 |       |       |     2 ||    45
         Boomerang         |       |       |       |       |    21 |     4 |     5 |       |       ||    30
 Invoke: Serpent's Lash    |       |       |       |     4 |     8 |    16 |    17 |    19 |    13 ||    77
         Heavenly Storm    |       |       |       |       |     1 |     2 |     2 |     4 |     2 ||    11
Ability: Lunge             |       |     3 |    34 |    62 |   131 |   128 |   124 |   174 |    75 ||   731
         Whirlwind         |       |       |    42 |    78 |   178 |   275 |   422 |   502 |   354 ||  1851
  Evoke: Wand              |    15 |     2 |    20 |    13 |     1 |     2 |       |     1 |     6 ||    60
    Use: Scroll            |     1 |     9 |     6 |     8 |    10 |     4 |     7 |    12 |     3 ||    60
         Potion            |       |     1 |     4 |     2 |       |     1 |    10 |     5 |     1 ||    24
   Stab: Sleeping          |     1 |       |       |       |       |       |       |       |       ||     1
 Armour: Leather armour    |    50 |       |       |       |       |       |       |       |       ||    50
         Ring mail         |    21 |       |       |       |    21 |   236 |       |       |       ||   278
         Chain mail        |    24 |   158 |   213 |       |   272 |   154 |   518 |   592 |   315 ||  2246
         Skin              |       |    39 |       |       |       |       |       |       |       ||    39
         Plate armour      |       |       |    65 |   226 |    70 |       |       |       |       ||   361
         Scale mail        |       |       |       |    22 |       |       |       |       |       ||    22
  Dodge: Dodged            |    63 |    49 |    88 |    40 |    98 |   181 |   183 |   239 |   138 ||  1079
  Block: Kite shield       |       |       |       |   241 |   447 |   473 |   640 |   520 |       ||  2321
         Tower shield      |       |       |       |       |       |       |       |   293 |   611 ||   904

Table legend: (Time is in decaauts)
 A = Elapsed time spent in this place.
 B = Non-inter-level travel time spent in this place.
 C = Inter-level travel time spent in this place.
 D = Time resting spent in this place.
 E = Time spent auto-exploring this place.
 F = Levels seen in this place.
 G = Mean time per level.
                   A        B        C        D        E       F      G
               +--------+--------+--------+--------+--------+-----+--------+
         Total |  49297 |  44587 |   4710 |   4369 |  29610 |  54 |  912.9 |
       Dungeon |  13522 |  11766 |   1756 |   1074 |   8116 |  15 |  901.5 |
        Temple |     36 |      2 |     34 |      0 |      0 |   1 |   36.0 |
          Lair |   4930 |   4147 |    783 |    262 |   2873 |   5 |  986.0 |
         Swamp |   3082 |   2905 |    177 |    517 |   1806 |   4 |  770.5 |
     Snake Pit |   5118 |   4659 |    459 |    983 |   2845 |   4 | 1279.5 |
  Orcish Mines |   1953 |   1730 |    223 |    362 |    993 |   2 |  976.5 |
   Elven Halls |   2463 |   2357 |    106 |    200 |   1558 |   3 |  821.0 |
        Vaults |   6928 |   6378 |    550 |    303 |   4577 |   5 | 1385.6 |
        Depths |   4135 |   3740 |    395 |     35 |   2872 |   4 | 1033.8 |
           Zot |   5327 |   5102 |    225 |    410 |   3367 |   5 | 1065.4 |
         Abyss |    492 |    492 |      0 |     13 |    144 |   2 |  246.0 |
         Trove |     50 |     50 |      0 |      0 |      6 |   1 |   50.0 |
        Bailey |    351 |    351 |      0 |      0 |     82 |   1 |  351.0 |
      Ice Cave |    677 |    677 |      0 |    208 |    257 |   1 |  677.0 |
       Volcano |    227 |    227 |      0 |      0 |    114 |   1 |  227.0 |
               +--------+--------+--------+--------+--------+-----+--------+

Top non-repeatable levels by time:
 Snake:1: 1998 daAuts
   Zot:3: 1612 daAuts
     D:6: 1578 daAuts
Vaults:3: 1525 daAuts
Vaults:1: 1476 daAuts
     D:9: 1366 daAuts
Vaults:4: 1328 daAuts
 Snake:3: 1323 daAuts
Vaults:2: 1307 daAuts
Vaults:5: 1289 daAuts
   Elf:3: 1254 daAuts
  Lair:2: 1252 daAuts
  Lair:5: 1250 daAuts
  Lair:3: 1116 daAuts
   Zot:1: 1114 daAuts
